 Dungeon Crawl Stone Soup version 0.21.1-1-g345015f (webtiles) character file.

178 jerdpen the Chopper (level 5, 0/47 HPs)
             Began as a Hill Orc Fighter on Mar 22, 2018.
             Killed from afar by an orc wizard (12 damage)
             ... with a puff of flame
             ... on level 3 of the Dungeon on Mar 24, 2018.
             The game lasted 00:17:54 (2879 turns).

jerdpen the Chopper (Hill Orc Fighter)              Turns: 2879, Time: 00:17:54

Health: 0/47       AC:  7    Str: 20    XL:     5   Next: 58%
Magic:  5/5        EV:  7    Int:  8    God:
Gold:   195        SH:  9    Dex: 10    Spells: 4/4 levels left

rFire    . . .     SeeInvis .   o - +0 war axe
rCold    . . .     Gourm    .   p - +0 shield (curse)
rNeg     . . .     Faith    .   b - +0 scale mail
rPois    .         Spirit   .   (no helmet)
rElec    .         Reflect  .   (no cloak)
rCorr    .         Harm     .   (no gloves)
MR       .....                  (no boots)
Stlth    ..........             (no amulet)
HPRegen  0.15/turn              (no ring)
MPRegen  0.09/turn              (no ring)

@: no status effects
A: no striking features
a: no special abilities


You were on level 3 of the Dungeon.
You were not hungry.

You visited 1 branch of the dungeon, and saw 3 of its levels.

You collected 195 gold pieces.

Inventory:

Hand Weapons
 a - a +0 war axe
 o - a +0 war axe (weapon)
 s - a +0 morningstar
 t - a cursed -2 mace
 u - a +0 spear
Armour
 b - a +0 scale mail (worn)
 c - a +0 shield
 e - a +0 leather armour
 p - a cursed +0 shield (worn)
 r - a +0 ring mail
Jewellery
 n - an uncursed ring of protection from magic {unknown}
Scrolls
 g - 2 scrolls of remove curse {unknown}
 h - a scroll of teleportation {unknown}
 i - a scroll of noise {unknown}
 j - a scroll of enchant weapon {unknown}
 k - a scroll of magic mapping {unknown}
 m - a scroll of identify
Potions
 d - a potion of might
 l - a potion of flight
 q - a potion of invisibility
Comestibles
 f - 4 rations


   Skills:
 + Level 4.4 Fighting
 + Level 5.0 Axes
 + Level 4.2 Armour
 + Level 0.6 Dodging
 + Level 4.0 Shields


You had 4 spell levels left.
You didn't know any spells.

Dungeon Overview and Level Annotations

Branches:
Dungeon (3/15)

Altars:


Message History

The orc wizard is lightly wounded.
You block the orc wizard's attack. The orc wizard barely misses you.
You closely miss the orc wizard.
The orc wizard is lightly wounded.
You block the orc wizard's attack. x2
You hit the orc wizard.
The orc wizard is lightly wounded.
The orc wizard casts a spell at you. The magic dart hits you!
You block the orc wizard's attack.
You hit the orc wizard.
The orc wizard is moderately wounded.
You block the orc wizard's attack. The orc wizard casts a spell at you.
The puff of frost hits you!
* * * LOW HITPOINT WARNING * * *
You barely miss the orc wizard.
The orc wizard is moderately wounded.
The orc wizard casts a spell at you. The puff of flame hits you!
You die...

####### # #.....#
.## #.....###
....
#.....#.##...#
#.....#@o....#
###.....))##.....
##.))......# ##.
#.†#.......#
#.##.....#...#
#.##.....###....
##.#####..# ##.#
#..# ..## .. #.##
#.## .


You could see an orc wizard.

Vanquished Creatures
  An orc wizard (D:3)
  3 gnolls (D:3)
  3 adders
  An ooze (D:2)
  3 worms (D:2)
  A dart slug (D:2)
  A leopard gecko (D:2)
  7 orcs (D:3)
  2 giant cockroaches (D:1)
  7 goblins
  8 hobgoblins
  7 jackals
  7 kobolds
  A quokka (D:2)
  8 bats
  3 frilled lizards
  10 rats
73 creatures vanquished.

Notes
Turn   | Place    | Note
-------+----------+-------------------------------------------
     0 | D:1      | jerdpen the Hill Orc Fighter began the quest for the Orb.
     0 | D:1      | Reached XP level 1. HP: 19/19 MP: 1/1
   117 | D:1      | Reached XP level 2. HP: 23/27 MP: 2/2
   741 | D:1      | Reached skill level 3 in Axes
   973 | D:1      | Reached XP level 3. HP: 19/33 MP: 3/3
  1672 | D:2      | Reached XP level 4. HP: 40/40 MP: 4/4
  2031 | D:2      | Reached skill level 4 in Axes
  2792 | D:3      | Reached XP level 5. HP: 33/46 MP: 5/5
  2859 | D:3      | Reached skill level 5 in Axes
  2879 | D:3      | Killed from afar by an orc wizard

Skill      XL: |  1  2  3  4  5 |
---------------+----------------+-----
Fighting       | 4 |  4.4
Axes           | 3 4 5 |  5.0
Armour         | 4 |  4.2
Shields        | 4 |  4.0
Dodging        | |  0.6

Action                   |  1- 3 |  4- 6 || total
-------------------------+-------+-------++-------
Melee: War axe           |   172 |   110 ||   282
  Use: Scroll            |     1 |     2 ||     3
  Eat: Ration            |     1 |     1 ||     2
Armor: Scale mail        |   108 |    43 ||   151
Dodge: Dodged            |    73 |    34 ||   107
Block: Shield            |   129 |    60 ||   189
